 Dungeon Crawl Stone Soup version 0.25.0-11-g1f837a7 (webtiles) character file.

Game seed: 6150795676609898396

39 Balder the Shield-Bearer (level 3, 0/33 HPs)
             Began as a Minotaur Fighter on June 26, 2020.
             Slain by Crazy Yiuf
             ... wielding a +4 quarterstaff of chaos
              (2 damage)
             ... while paralysed by Crazy Yiuf
             ... on level 2 of the Dungeon.
             The game lasted 00:03:17 (850 turns).

Balder the Shield-Bearer (Minotaur Fighter)          Turns: 850, Time: 00:03:17

Health: 0/33       AC:  9    Str: 20    XL:     3   Next: 26%
Magic:  2/2        EV:  2    Int:  5    God:
Gold:   57         SH:  0    Dex: 10    Spells: 2/2 levels left

rFire    . . .     SeeInvis .   a - +0 war axe
rCold    . . .     Gourm    .   c - +0 kite shield
rNeg     . . .     Faith    .   n - +0 chain mail
rPois    .         Spirit   .   (helmet restricted)
rElec    .         Reflect  .   (no cloak)
rCorr    .         Harm     .   (no gloves)
MR       .....                  (no boots)
Stlth    ..........             (no amulet)
HPRegen  0.11/turn              (no ring)
MPRegen  0.08/turn              (no ring)

@: paralysed, very slightly contaminated, lightly drained, invisible
A: retaliatory headbutt, horns 2
a: no special abilities


You were on level 2 of the Dungeon.
You were not hungry.

You visited 1 branch of the dungeon, and saw 2 of its levels.

You collected 57 gold pieces.

Inventory:

Hand Weapons
 a - a +0 war axe (weapon)
Armour
 c - a +0 kite shield (worn)
 n - a +0 chain mail (worn)
Jewellery
 g - a cursed ring of teleportation {unknown}
 l - a +6 ring of strength {unknown}
Scrolls
 e - a scroll of identify {unknown}
 j - a scroll of teleportation {unknown}
 k - a scroll of fear {unknown}
 o - a scroll of blinking {unknown}
Potions
 b - a potion of resistance {unknown}
 d - a potion of might
 i - a potion of brilliance {unknown}
 m - 2 potions of flight {unknown}
Comestibles
 f - 3 rations
 h - 3 chunks of flesh


   Skills:
 * Level 3.9(3.6) Fighting
 * Level 2.7(2.5) Axes
 * Level 0.7(0.5) Throwing
 * Level 4.1(3.9) Armour
 * Level 0.4(0.2) Dodging
 * Level 4.2(4.0) Shields


You had 2 spell levels left.
You didn't know any spells.
Your spell library was empty.

Dungeon Overview and Level Annotations

Branches:
Dungeon (2/15)

Altars:
Kikubaaqudgha
Uskayaw
The Shining One

Annotations:
D:2 Crazy Yiuf


Innate Abilities, Weirdness & Mutations

You reflexively headbutt those who attack you in melee.
You have a pair of horns on your head.


Message History

You block Crazy Yiuf's attack.
You hit Crazy Yiuf but do no damage.
Crazy Yiuf is almost dead.
You block Crazy Yiuf's attack.
Crazy Yiuf hits you with a +4 quarterstaff of chaos.
You fade into invisibility!
You are very lightly contaminated with residual magic.
You closely miss Crazy Yiuf. Your headbutt misses Crazy Yiuf.
Crazy Yiuf is almost dead.
Crazy Yiuf hits you with a +4 quarterstaff of chaos!
You suddenly lose the ability to move!
Crazy Yiuf hits you with a +4 quarterstaff of chaos!
* * * LOW HITPOINT WARNING * * *
Crazy Yiuf says, "Ice King bag!"
Crazy Yiuf hits you with a +4 quarterstaff of chaos.
* * * LOW HITPOINT WARNING * * *
Crazy Yiuf burns you.
* * * LOW HITPOINT WARNING * * *
Crazy Yiuf hits you with a +4 quarterstaff of chaos.
You die...

#.....#.
..###.#. #
.. #####
###.#.
#..)#
....#.
#)..# #.#
#. ).) #.#
#. #g#
#.###.
##@#
#.##..
#.##
#.#...
##)#
#.....
#.##
###...
##.##
#....
#)..##
#.###
#)).)#
########.#
#....#
#........#
#))..#
##.####..#


You could see Crazy Yiuf.

Vanquished Creatures
  An adder (D:2)
  A dart slug (D:1)
  3 leopard geckos
  3 bats (D:1)
  A giant cockroach (D:2)
  4 goblins (D:1)
  4 hobgoblins
  3 kobolds
  3 frilled lizards (D:1)
23 creatures vanquished.

Notes
Turn   | Place    | Note
-------+----------+-------------------------------------------
     0 | D:1      | Balder the Minotaur Fighter began the quest for the Orb.
     0 | D:1      | Reached XP level 1. HP: 19/19 MP: 0/0
   163 | D:1      | Reached XP level 2. HP: 24/27 MP: 1/1
   689 | D:2      | Found a glowing golden altar of the Shining One.
   692 | D:2      | Found a hide-covered altar of Uskayaw.
   692 | D:2      | Found an ancient bone altar of Kikubaaqudgha.
   713 | D:2      | Reached XP level 3. HP: 31/33 MP: 2/2
   837 | D:2      | Found a runed translucent door.
   838 | D:2      | Noticed Crazy Yiuf
   847 | D:2      | Paralysed by Crazy Yiuf for 7 turns
   850 | D:2      | Slain by Crazy Yiuf

Illustrated notes

Levels and vault maps discovered:
D:1:      minmay_arrival_stair_chambers, layout_basic
D:2:      layout_loops_ring, grunt_temple_overflow_open, first_ration,
          uniq_crazy_yiuf_cottage

Skill      XL: |  1  2 |
---------------+-------+-----
Shields        | 4 |  4.2
Armour         | 4 |  4.1
Fighting       | |  3.9
Axes           | |  2.7
Throwing       | |  0.7
Dodging        | |  0.4

Action                   || total
-------------------------++-------
Melee: War axe           ||    73
       Headbutt          ||     7
Armor: Scale mail        ||    10
       Chain mail        ||    19
Dodge: Dodged            ||    19
Block: Kite shield       ||    40
